Map: Galactic Process LE

Players

Cell - Winner!

  • Race: Zerg Zerg
  • League: Grandmaster

NORTHAMERICA

  • Race: Protoss Protoss
  • League: Master

VOD

Have the link to the VOD?

Description

Time

  • Played on: Oct. 28, 2016, 3:41 a.m.
  • Length: 12:29
Show
View Real Time Build Order
Export as new Build Order

Cell Zerg - Winner!

Build Orders: Hatch First, Muta Ling Bane 

Get SALT Encoding   

  12  0:01  Drone  
  13  0:12  Overlord  
  13  0:17  Drone  
  14  0:31  Drone x2  
  16  0:49  Unknown, Hatchery  
  15  0:51  Drone  
  16  0:57  Drone  
  16  1:03  Drone  
  18  1:06  Extractor  
  17  1:16  Spawning Pool  
  16  1:19  Drone  
  16  1:22  Drone  
  18  1:30  Drone  
  19  1:40  Drone  
  20  1:50  Overlord  
  20  2:00  Unknown  
  20  2:01  Drone x2  
  20  2:03  Queen x2  
  26  2:09  Metabolic Boost  
  26  2:14  Drone  
  26  2:15  Drone  
  28  2:33  Unknown, Hatchery  
  28  2:35  Drone  
  28  2:38  Zergling x2  
  28  2:40  Drone  
  30  2:46  Pneumatized Carapace  
  30  2:48  Drone  
  31  2:51  Drone  
  31  2:55  Overlord  
  33  2:58  Drone  
  33  3:00  Drone  
  34  3:06  Drone x2  
  36  3:13  Queen  
  36  3:15  Drone x2  
  36  3:17  Drone  
  42  3:20  Drone  
  42  3:22  Overlord  
  42  3:25  Drone  
  42  3:26  Drone  
  44  3:35  Overlord  
  44  3:36  Evolution Chamber  
  44  3:39  Roach Warren  
  42  3:43  Drone x3  
  42  3:44  Unknown  
  42  3:45  Drone  
  42  3:46  Drone  
  42  3:48  Drone  
  48  3:49  Drone  
  48  3:52  Drone x2  
  51  3:56  Overlord  
  51  4:01  Drone  
  52  4:03  Overlord  
  52  4:07  Overlord  
  52  4:10  Overlord  
  52  4:13  Lair  
  52  4:17  Extractor  
  52  4:18  Spore Crawler x2  
  52  4:23  Zergling x6  
  52  4:27  Queen  
  52  4:29  Drone x2  
  56  4:31  Spore Crawler  
  56  4:33  Drone  
  56  4:40  Roach  
  58  4:47  Queen  
  58  4:48  Roach  
  58  4:49  Roach  
  58  4:51  Overlord x2  
  64  5:02  Drone  
  64  5:03  Drone  
  64  5:05  Drone x5  
  64  5:06  Drone x5  
  76  5:09  Roach  
  77  5:16  Roach  
  77  5:17  Overseer  
  77  5:19  Roach x2  
  83  5:24  Extractor  
  83  5:25  Extractor  
  83  5:28  Roach x2  
  85  5:31  Roach  
  85  5:33  Drone x8  
  95  5:38  Extractor  
  95  5:40  Overlord  
  94  5:47  Unknown, Hatchery  
  93  6:03  Unknown, Hatchery  
  90  6:20  Queen  
  90  6:23  Roach x7, Unknown, Hatchery  
  105  6:26  Zergling x2  
  105  6:27  Zergling x14  
  113  6:35  Drone x2  
  115  6:43  Extractor  
  115  6:46  Zergling x10  
  119  6:50  Glial Reconstitution  
  119  6:51  Zerg Melee Weapons Level 1  
  119  6:52  Spire  
  119  6:53  Baneling Nest  
  114  6:58  Unknown, Drone x9  
  123  7:10  Overlord x6  
  123  7:16  Overseer  
  123  7:20  Zergling x4  
  123  7:21  Zergling x6  
  128  7:24  Overlord x6  
  128  7:35  Unknown  
  128  7:40  Centrifical Hooks  
  128  7:41  Zergling x14  
  135  7:49  Zergling x22  
  135  7:50  Zergling x4  
  148  8:04  Mutalisk x3  
  150  8:08  Zergling x16  
  158  8:15  Overlord x2  
  158  8:16  Extractor  
  155  8:22  Zergling x4  
  155  8:23  Zergling x26  
  155  8:27  Zergling x6  
  171  8:45  Zergling x18  
  171  8:46  Zergling x8  
  171  8:48  Baneling x9  
  180  8:49  Baneling x6  
  179  8:56  Zergling x6  
  179  8:58  Baneling x11  
  181  9:10  Zergling x18  
  181  9:15  Ravager x3  
  181  9:16  Ravager x2  
  189  9:25  Zergling x4  
  189  9:26  Zergling x10  
  189  9:28  Baneling  
  189  9:29  Baneling  
  166  9:41  Zergling x20  
  166  9:43  Baneling x16  
  175  9:52  Zergling x8  
  177  9:53  Zergling x6  
  177  9:57  Zergling x2  
  166  10:10  Zergling x2  
  166  10:11  Zergling x10  
  150  10:27  Zergling x38  
  137  10:36  Zergling x6  
  133  10:43  Zergling x2  
  133  10:44  Zergling x6  
  133  10:49  Zergling x6  
  139  11:01  Baneling  
  139  11:02  Baneling x16  
  139  11:03  Ravager x5  
  144  11:06  Queen  
  144  11:08  Unknown, Hatchery  
  144  11:11  Infestation Pit, Zergling x10  
  144  11:12  Zergling x30  
  144  11:15  Zergling x2  
  165  11:33  Evolution Chamber, Zergling x18  
  173  11:40  Zergling x22  
  184  11:49  Zergling x10  
  159  12:20  Unknown  
Show
View Real Time Build Order
Export as new Build Order

NORTHAMERICA Protoss 

Build Orders: 1 Gate Expand, Zealot Archon, Dark Templar Rush 

Get SALT Encoding   

  12  0:01  Probe (Chrono Boost)  
  13  0:11  Probe (Chrono Boost)  
  14  0:20  Pylon  
  14  0:22  Probe (Chrono Boost)  
  15  0:38  Probe (Chrono Boost)  
  16  0:43  Gateway  
  16  0:49  Probe (Chrono Boost)  
  17  0:55  Assimilator  
  17  0:59  Probe (Chrono Boost)  
  18  1:10  Probe (Chrono Boost)  
  19  1:23  Nexus, Unknown  
  19  1:34  Cybernetics Core  
  19  1:41  Probe (Chrono Boost)  
  19  1:46  Pylon  
  20  1:50  Assimilator  
  20  1:52  Probe (Chrono Boost)  
  21  2:03  Probe (Chrono Boost)  
  21  2:05  Pylon  
  22  2:10  Zealot  
  24  2:17  Warp Gate  
  24  2:18  Probe (Chrono Boost)  
  25  2:28  Probe (Chrono Boost)  
  26  2:32  Twilight Council  
  26  2:34  Unknown  
  26  2:39  Probe (Chrono Boost)  
  26  2:40  Probe (Chrono Boost)  
  28  2:49  Probe (Chrono Boost)  
  28  2:50  Probe (Chrono Boost)  
  30  2:54  Stalker  
  32  3:00  Probe (Chrono Boost)  
  32  3:02  Probe (Chrono Boost)  
  34  3:10  Probe (Chrono Boost)  
  34  3:12  Robotics Facility  
  35  3:13  Probe (Chrono Boost)  
  36  3:21  Probe (Chrono Boost)  
  36  3:23  Probe (Chrono Boost)  
  38  3:31  Probe (Chrono Boost)  
  40  3:34  Probe (Chrono Boost), Dark Shrine  
  40  3:42  Probe (Chrono Boost)  
  40  3:45  Probe (Chrono Boost), Assimilator  
  40  3:47  Assimilator  
  42  3:53  Probe (Chrono Boost)  
  42  3:55  Probe (Chrono Boost)  
  44  3:59  Gateway  
  44  4:01  Gateway  
  44  4:03  Probe (Chrono Boost)  
  44  4:05  Gateway  
  44  4:06  Probe (Chrono Boost)  
  46  4:10  Warp Prism  
  46  4:14  Probe (Chrono Boost)  
  49  4:18  Probe (Chrono Boost), Pylon  
  50  4:24  Probe (Chrono Boost)  
  50  4:29  Mothership Core (Chrono Boost)  
  53  4:35  Pylon  
  53  4:36  Probe (Chrono Boost)  
  54  4:49  Pylon  
  54  5:03  Probe (Chrono Boost)  
  54  5:07  Dark Templar x3  
  57  5:11  Nexus, Unknown, Dark Templar  
  57  5:12  Observer, Pylon  
  57  5:13  Archon  
  63  5:17  Probe (Chrono Boost)  
  63  5:20  Probe (Chrono Boost), Forge  
  66  5:21  Archon  
  67  5:29  Probe (Chrono Boost)  
  67  5:32  Blink, Immortal  
  71  5:43  Gateway  
  71  5:44  Gateway  
  71  5:45  Sentry x2  
  71  5:49  Probe (Chrono Boost)  
  77  5:50  Probe (Chrono Boost)  
  77  5:52  Pylon  
  78  6:04  Probe (Chrono Boost)  
  78  6:08  Probe (Chrono Boost)  
  78  6:10  Protoss Ground Weapons Level 1  
  79  6:18  Immortal  
  80  6:19  Probe x2 (Chrono Boost), Robotics Bay  
  80  6:22  Unknown  
  85  6:29  Stalker  
  85  6:30  Stalker x3  
  85  6:31  Probe (Chrono Boost)  
  95  6:33  Probe (Chrono Boost)  
  95  6:35  Probe (Chrono Boost)  
  95  6:38  Pylon  
  96  6:43  Probe (Chrono Boost)  
  96  6:44  Probe (Chrono Boost)  
  97  6:57  Probe (Chrono Boost)  
  97  6:59  Probe (Chrono Boost)  
  99  7:02  Probe (Chrono Boost)  
  99  7:04  Gateway x2, Assimilator  
  99  7:06  Disruptor  
  99  7:07  Pylon  
  99  7:08  Pylon  
  100  7:09  Assimilator  
  100  7:15  Stalker x3  
  109  7:19  Resonating Glaives  
  109  7:22  Pylon  
  109  7:23  Stalker x2  
  113  7:38  Disruptor  
  113  7:43  Photon Cannon  
  116  7:47  Photon Cannon  
  116  7:50  Stalker  
  116  7:51  Stalker x5  
  125  8:05  Probe (Chrono Boost)  
  125  8:07  Nexus, Unknown  
  125  8:08  Pylon  
  125  8:09  Pylon  
  125  8:14  Dark Templar  
  126  8:20  Disruptor  
  126  8:22  Stalker x4  
  126  8:23  Stalker  
  139  8:37  Probe (Chrono Boost)  
  138  8:53  Photon Cannon  
  138  8:56  Dark Templar  
  138  9:00  Pylon  
  138  9:01  Photon Cannon  
  140  9:05  Photon Cannon, Pylon  
  140  9:12  Photon Cannon  
  140  9:13  Disruptor  
  140  9:23  Adept x2  
  140  9:24  Adept x4  
  148  9:40  Dark Templar x2  
  152  9:48  Dark Templar x2  
  152  9:50  Archon  
  156  9:54  Pylon  
  156  9:55  Archon  
  156  9:56  Pylon  
  156  9:57  Disruptor  
  156  10:00  Pylon  
  148  10:12  Dark Templar x3  
  148  10:13  Dark Templar  
  150  10:18  Archon  
  150  10:19  Archon  
  108  10:28  Disruptor  
  108  10:31  Stalker x3  
  108  10:32  Stalker  
  89  10:47  Probe (Chrono Boost)  
  82  10:51  Stalker x4  
  82  10:56  Stalker x4  
  96  10:59  Disruptor  
  99  11:18  Zealot  
  99  11:26  Dark Templar  
  99  11:27  Dark Templar x2  
  99  11:30  Dark Templar  
  107  11:33  Archon  
  107  11:34  Archon  
  107  11:40  Nexus, Unknown, Stalker x3  
  107  11:41  Pylon  
  107  11:43  Pylon  
  113  11:52  Stalker  
  115  12:03  Unknown x2  
  109  12:09  Stalker x2  
  109  12:10  Stalker x5  
  78  12:22  Adept  
Tags
 
Add a new tag
Caveats
  • Supply blocks, unpowered buildings, or Contaminate may cause inaccurate times.
  • Supply counts are checked every 10 seconds.